 Dungeon Crawl Stone Soup version 0.21-a0-460-g737a915 (console) character file.

35 hexaflexagon the Charmwright (level 3, -5/28 HPs)
             Began as a Barachi Skald on Nov 20, 2017.
             Slain by Sigmund
             ... wielding a +0 scythe
              (10 damage)
             ... on level 2 of the Dungeon.
             The game lasted 00:03:37 (1096 turns).

hexaflexagon the Charmwright (Barachi Skald)        Turns: 1096, Time: 00:03:38

Health: -5/28      AC:  3    Str: 13    XL:     3   Next: 33%
Magic:  1/6        EV: 12    Int: 13    God:
Gold:   37         SH:  0    Dex: 11    Spells: 1/7 levels left

rFire    . . .     SeeInvis .   a - +0 falchion
rCold    . . .     Gourm    .   (no shield)
rNeg     . . .     Faith    .   b - +0 leather armour
rPois    .         Spirit   .   (no helmet)
rElec    .         Reflect  .   (no cloak)
rCorr    .         Harm     .   (no gloves)
MR       .....                  (no boots)
Stlth    +.........             (no amulet)
HPRegen  0.09/turn              (no ring)
MPRegen  0.10/turn              (no ring)

@: shrouded (expiring), slow
A: +LOS, swims, slowness 1, strong legs 1
a: Hop


You were on level 2 of the Dungeon.
You were not hungry.

You visited 1 branch of the dungeon, and saw 3 of its levels.

You collected 37 gold pieces.

Inventory:

Hand Weapons
 a - a +0 falchion (weapon)
Armour
 b - a +0 leather armour (worn)
 f - a +0 ring mail
Scrolls
 g - 3 scrolls of teleportation {unknown}
 j - a scroll of enchant armour {unknown}
 l - a scroll of immolation {unknown}
Potions
 e - a potion of might {unknown}
 k - a potion of mutation {unknown}
Books
 c - a book of Battle

   Spells                             Type                      Level
   a - Infusion                       Charms                       1
   b - Shroud of Golubria             Charms/Translocation         2
   c - Song of Slaying                Charms                       2
   d - Spectral Weapon                Hexes/Charms                 3
   e - Regeneration                   Charms/Necromancy            3
Comestibles
 d - 2 bread rations
 h - 3 fruits
 i - 4 chunks of flesh


   Skills:
 - Level 2.4 Fighting
 * Level 3.6 Long Blades
 - Level 1.2 Armour
 - Level 2.1 Dodging
 - Level 2.5 Spellcasting
 + Level 0.2 Hexes
 + Level 3.7 Charms
 + Level 0.1 Translocations


You had one spell level left.
You knew the following spells:

 Your Spells              Type           Power        Failure   Level  Hunger
g - Shroud of Golubria    Chrm/Tloc      #.........   22%         2    ###....
i - Infusion              Chrm           ##..         7%          1    #......
w - Spectral Weapon       Hex/Chrm       #.......     38%         3    ###....


Dungeon Overview and Level Annotations

Branches:
Dungeon (3/15)

Altars:

Annotations:
D:2 Sigmund


Innate Abilities, Weirdness & Mutations

Shadows flee at your approach. (+LOS)
You can swim through water.
You cover ground slowly.
You can hop short distances.


Message History

Casting: Shroud of Golubria
Confirm with . or Enter, or press ? or * to list all spells.
You draw out your weapon's spirit!
You barely miss Sigmund.
Your spectral weapon hits Sigmund!
Sigmund gestures wildly while chanting.
Sigmund flickers and vanishes!
Deactivating autopickup; reactivate with Ctrl-A.
No target in view!
No target in view!
You slash something! Something hits you!
You closely miss something. Something barely misses you.
You hit something. Something hits you!
Ouch! That really hurt!
* * * LOW HITPOINT WARNING * * *
You miss something. You miss something.
Your shroud begins to fray at the edges.
Your shroud bends something's attack away.
You miss something. Something hits you!
You die...

......#
#.####..[###
......#
#.##.......
......#
#.##......
......#
###......
.<....# .....
......#
#######...###
......#
#...........
......#
#.......({#
......#
#.......@.#
#######
#.........#
#..?......#
#.........#
#!........#
#.........#
#.........#
###########


You could see a friendly spectral falchion.

Vanquished Creatures
  An ooze (D:1)
  A leopard gecko (D:2)
  A ball python (D:1)
  2 giant cockroaches
  3 hobgoblins (D:1)
  3 jackals (D:1)
  2 bats (D:1)
  8 goblins
  3 kobolds
  2 rats
26 creatures vanquished.

Vanquished Creatures (others)
  6 toadstools (D:2)
6 creatures vanquished.

Grand Total: 32 creatures vanquished

Notes
Turn   | Place    | Note
-------+----------+-------------------------------------------
     0 | D:1      | hexaflexagon the Barachi Skald began the quest for the Orb.
     0 | D:1      | Reached XP level 1. HP: 17/17 MP: 3/3
   179 | D:1      | Reached XP level 2. HP: 16/23 MP: 0/5
   588 | D:1      | Reached XP level 3. HP: 28/28 MP: 6/6
   876 | D:2      | Learned a level 2 spell: Shroud of Golubria
   880 | D:2      | Learned a level 3 spell: Spectral Weapon
   925 | D:2      | Noticed Sigmund
  1096 | D:2      | Slain by Sigmund

Vault maps used:
D:1:      denvon_arrival_hothouse, st_stairs_4
D:2:      cheibrodos_fertilizer, due_unseen_surprise, uniq_terence, uniq_sigmund
D:3:      grunt_temple_overflow_open, nicolae_tso_carved_into_rock,
          corner_web_ring

Skill      XL: |  1  2 |
---------------+-------+-----
Long Blades    | 3 |  3.6
Fighting       | |  2.4
Armour         | |  1.2
Dodging        | |  2.1
Spellcasting   | |  2.5
Hexes          | |  0.2
Charms         | |  3.7
Translocations | |  0.1

Action                   || total
-------------------------++-------
Melee: Falchion          ||    52
 Cast: Infusion          ||     8
       Shroud of Golubri ||     1
       Spectral Weapon   ||     1
  Eat: Chunk             ||     1
Armor: Leather armour    ||     7
Dodge: Dodged            ||    35
       Rpst.: Falchion   ||    10

Table legend:
 A = Spawn XP
 B = Non-spawn XP
 C = Spawn XP percentage of total XP
 D = Spawn monster count
 E = Non-spawn monster count
 F = Spawn count percentage of total count
 G = Total turns spent on level
                    A         B        C        D         E        F      G
               +---------+---------+-------+---------+---------+-------+---------
         Total |       0 |      50 |   0.0 |       0 |      26 |   0.0 |  1096
               +---------+---------+-------+---------+---------+-------+---------
           D:1 |       0 |      39 |   0.0 |       0 |      20 |   0.0 |   852
           D:2 |       0 |      10 |   0.0 |       0 |       5 |   0.0 |   131
           D:3 |       0 |       1 |   0.0 |       0 |       1 |   0.0 |   113
               +---------+---------+-------+---------+---------+-------+---------
